 Dungeon Crawl Stone Soup version 0.31-a0-182-gc5ef74bbde (webtiles) character file.

Game seed: 18231536776148974929

8 qw the Shooter (level 2, -2/26 HPs)
             Began as a Naga Hunter on June 20, 2023.
             Slain by a gnoll
             ... wielding a +0 spear
              (7 damage)
             ... on level 1 of the Dungeon.
             The game lasted 00:00:04 (102 turns).

qw the Shooter (Naga Hunter)                         Turns: 102, Time: 00:00:05

Health: -2/26      AC:  2    Str: 13    XL:     2   Next: 8%
Magic:  2/2        EV:  9    Int:  9    God:
Gold:   10         SH:  0    Dex: 14    Spells: 1/1 levels left

rFire   . . .        a - +0 shortbow
rCold   . . .        (shield currently unavailable)
rNeg    . . .        c - +0 leather armour
rPois   +            (no helmet)
rElec   .            (no cloak)
rCorr   .            (no gloves)
SInv    +            (no barding)
Will    .....        (no amulet)
Stlth   ++           (no ring)
HPRegen 0.24/turn    (no ring)
MPRegen 0.08/turn

%: no passive effects
@: short of breath, very slow
A: AC +0, large, see invisible, deformed body, poison resistance, slowness 2,
spit poison 1, naga tail 1
a: Spit Poison


You were on level 1 of the Dungeon.
You visited 1 branch of the dungeon, and saw 1 of its levels.

You collected 10 gold pieces.


Innate Abilities, Weirdness & Mutations

Your serpentine skin is tough. (AC +0)
You have supernaturally acute eyesight. (SInv)
Armour fits poorly on your strangely shaped body.
Your system is resistant to poisons. (rPois)
You cover ground very slowly.
You can spit poison.
You have a snake-like lower body.


   Skills:
 - Level 2.0 Fighting
 + Level 4.0 Ranged Weapons
 - Level 1.5 Dodging
 - Level 1.5 Stealth


You had one spell level left.
You didn't know any spells.
Your spell library was empty.

Inventory:

Hand Weapons
 a - a +0 shortbow (weapon)
Armour
 c - a +0 leather armour (worn)

Dungeon Overview and Level Annotations

Branches:
Dungeon (1/15)

Altars:


Message History

86 ||| INVOKING Spit Poison.
Aiming: Spit Poison (3% risk of failure)
Press: ? - help, Shift-Dir - straight line, f/p - dart slug The splash of poison hits the dart slug!
The dart slug is poisoned.
You kill the dart slug!
Your Ranged Weapons skill increases to level 4!
You have reached level 2!
You have got your breath back.
A kobold and a gnoll come into view.
There are monsters nearby!
96 ||| DROPPING scroll of butterflies.
You drop a scroll of butterflies.
The kobold shouts!
The gnoll shouts!
97 ||| INVOKING Spit Poison.
Aiming: Spit Poison (2% risk of failure)
Press: ? - help, Shift-Dir - straight line, f - kobold The splash of poison hits the kobold.
The kobold is poisoned.
You kill the kobold!
A gnoll is nearby!
A gnoll is nearby!
You shoot an arrow. The arrow closely misses the gnoll.
You shoot an arrow.
The arrow hits the gnoll but does no damage.
A goblin comes into view. It is wielding a +0 club.
The gnoll hits you from afar with a +0 spear!
A jackal comes into view.
The gnoll hits you from afar with a +0 spear!
You shoot an arrow. The arrow hits the gnoll.
The gnoll is moderately wounded.
You have got your breath back.
The gnoll hits you from afar with a +0 spear!
A rat comes into view.
102 ||| INVOKING Spit Poison.
Aiming: Spit Poison (2% risk of failure)
Press: ? - help, Shift-Dir - straight line, f/p - gnoll The splash of poison hits the gnoll.
The gnoll is poisoned.
The gnoll is heavily wounded.
A jackal comes into view.
The gnoll hits you from afar with a +0 spear!
You die...

####.##.....#
.....##..%..# ..#
..#####..%..# ..#
..#####.....# .r#
......#.%...# ###g)####
#.###.#.....# #...$....
#.....#.....## #.#.#.#.#
##.####......###........
##'## #.......##@#.#$#.#
#...####.####..?........
..>.#^##.# ###..#g#.#.#
#...###..# #.........
##'##...## ##.#.#h#.#
##.#..### #.......h
#...## ####...#. #####
#.## +#


You could see a gnoll (poisoned), 2 jackals, a goblin and a rat (wandering).

Vanquished Creatures
  A dart slug (D:1)
  3 jackals (D:1)
  A ball python (D:1)
  A kobold (D:1)
6 creatures vanquished.

Notes
Turn   | Place    | Note
-------+----------+-------------------------------------------
     0 | D:1      | qw the Naga Hunter began the quest for the Orb.
     0 | D:1      | Reached XP level 1. HP: 19/19 MP: 1/1
     0 | D:1      | Noticed a vampire
     0 | D:1      | 0 ||| qw: Version: 0.3-a-9-g12657ce
     0 | D:1      | 0 ||| qw: Game counter: 1292
     0 | D:1      | 0 ||| qw: Always use a shield: true
     0 | D:1      | 0 ||| qw: God list: Okawaru
     0 | D:1      | 0 ||| qw: Allow faded altars: false
     0 | D:1      | 0 ||| qw: Do Orc after D:15 true
     0 | D:1      | 0 ||| qw: Do second Lair branch before Depths: true
     0 | D:1      | 0 ||| qw: Lair rune preference: random
     0 | D:1      | 0 ||| qw: Plans: Normal
     0 | D:1      | 0 ||| PLANNING D:1-11
     1 | D:1      | Noticed an octopode
     4 | D:1      | Noticed a demonspawn zombie
     9 | D:1      | Noticed a demonspawn zombie
    13 | D:1      | Noticed a dwarf
    15 | D:1      | Noticed a merfolk zombie
    17 | D:1      | Noticed a vine stalker
    19 | D:1      | Noticed a human
    44 | D:1      | 44 ||| INVOKING Spit Poison.
    49 | D:1      | 49 ||| INVOKING Spit Poison.
    52 | D:1      | 52 ||| FLEEEEING.
    53 | D:1      | 53 ||| FLEEEEING.
    86 | D:1      | 86 ||| INVOKING Spit Poison.
    87 | D:1      | Reached skill level 4 in Ranged Weapons
    87 | D:1      | Reached XP level 2. HP: 26/26 MP: 2/2
    96 | D:1      | 96 ||| DROPPING scroll of butterflies.
    97 | D:1      | 97 ||| INVOKING Spit Poison.
   101 | D:1      | HP: 4/26 [gnoll/+0 spear (7)]
   102 | D:1      | 102 ||| INVOKING Spit Poison.
   102 | D:1      | Slain by a gnoll

Levels and vault maps discovered:
D:1:      shiori_arrival_whats_in_store_for_you, layout_basic, serial_glass,
          glass_columns_a, glass_columns_c

Skill      XL: |  1 |
---------------+----+-----
Ranged Weapons | 4 |  4.0
Fighting       | |  2.0
Dodging        | |  1.5
Stealth        | |  1.5

Action                     || total
---------------------------++-------
   Fire: Shortbow          ||     8
Ability: Spit Poison       ||     5

Table legend:
 A = Non-vault XP
 B = Vault XP
 C = Vault XP percentage of total XP
 D = Non-vault monster count
 E = Vault monster count
 F = Vault count percentage of total count
                 A         B        C        D         E       F
            +---------+---------+-------+---------+---------+-------
      Total |      12 |       0 |   0.0 |       6 |       0 |   0.0
            +---------+---------+-------+---------+---------+-------
        D:1 |      12 |       0 |   0.0 |       6 |       0 |   0.0
            +---------+---------+-------+---------+---------+-------
